 Dungeon Crawl Stone Soup version 0.30.0-29-ga12c61a403 (webtiles) character file.

Game seed: 7815215464553801999

203 ChiefBigBeans the Ducker (level 5, 0/41 HPs)
             Began as a Demonspawn Gladiator on June 21, 2023.
             Slain by Edmund
             ... wielding a +4 flail of holy wrath
              (12 damage)
             ... on level 6 of the Dungeon.
             The game lasted 00:07:14 (1503 turns).

ChiefBigBeans the Ducker (Demonspawn Gladiator)     Turns: 1503, Time: 00:07:14

Health: 0/41       AC: 10    Str: 17    XL:     5   Next: 51%
Magic:  5/5        EV: 10    Int: 13    God:
Gold:   215        SH:  5    Dex: 14    Spells: 4/4 levels left

rFire   + + +        d - +12 hand axe of Doom {pain, Will- Int+4 SInv}
rCold   . . .        (no shield)
rNeg    . . .        i - +0 fire dragon scales
rPois   +            c - +0 helmet
rElec   +            (no cloak)
rCorr   +            (no gloves)
SInv    +            (no boots)
Will    .....        k - amulet of reflection Stlth
                     m - ring of wizardry
HPRegen 0.26/turn    (no ring)
MPRegen 0.09/turn

%: reflection, wizardry (x1)
@: resistant
A: demonic guardian 1, sharp scales 1
a: no special abilities


You were on level 6 of the Dungeon.
You visited 1 branch of the dungeon, and saw 4 of its levels.

You collected 215 gold pieces.

Inventory:

Hand Weapons
 a - a +2 trident of flaming
 d - the +12 hand axe of Doom (weapon) {pain, Will- Int+4 SInv}
   (You found it on level 6 of the Dungeon)

   Int:       It affects your intelligence (+4).
   SInv:      It lets you see invisible.
   Will:      It decreases your willpower.
Armour
 c - a +0 helmet (worn)
 i - +0 fire dragon scales (worn)
 r - +0 acid dragon scales
Jewellery
 k - an amulet of reflection (around neck)
 m - a ring of wizardry (left hand)
Potions
 h - a potion of flight
 n - a potion of curing
 o - a potion of might


   Skills:
 + Level 3.4 Fighting
 * Level 0.0(2.1) Axes
 - Level 3.6 Polearms
 - Level 1.7 Throwing
 + Level 2.1 Armour
 + Level 3.6 Dodging


You had 4 spell levels left.
You didn't know any spells.
Your spell library was empty.

Dungeon Overview and Level Annotations

Branches:
Dungeon (3/15)

Altars:
Cheibriados

Shops:
D:1 (

Annotations:
D:6 Edmund


Innate Abilities, Weirdness & Mutations

A weak demonic guardian rushes to your aid.
You are partially covered in razor-sharp scales. (AC +1, Slay +1)


Message History

Found 19 gold pieces.
You now have 215 gold pieces (gained 19).
A howler monkey comes into view.
The howler monkey howls!
You hit the howler monkey. You burn the howler monkey.
The howler monkey is moderately wounded.
The howler monkey barely misses you.
You closely miss the howler monkey.
The howler monkey is moderately wounded.
The howler monkey hoots and howls with incredible vigour!
You block the howler monkey's attack.
You hear a bark!
You hear a shout! x6
You puncture the howler monkey! You burn the howler monkey.
The howler monkey is almost dead.
You block the howler monkey's attack.
You hit the howler monkey. You burn the howler monkey.
You kill the howler monkey!
You see here the +12 hand axe of Doom {pain, Will- Int+4 SInv}.
d - the +12 hand axe of Doom {pain, Will- Int+4 SInv} Your +2 trident of flaming stops flaming.
You feel clever.
You have a feeling of ineptitude.
d - the +12 hand axe of Doom (weapon)
{pain, Will- Int+4 SInv} It was a potion of resistance.
You feel protected.
You aren't carrying any scrolls.
Edmund the Younger comes into view.
He is wielding a +4 flail of holy wrath.
Edmund shouts!
Edmund hits you with a +4 flail of holy wrath!
You convulse!
You hit Edmund but do no damage. Edmund misses you.
You barely miss Edmund. Edmund hits you but does no damage.
You barely miss Edmund.
Edmund hits you with a +4 flail of holy wrath!
You convulse.
* * * LOW HITPOINT WARNING * * *
You slash Edmund!
Edmund is lightly wounded.
Edmund hits you with a +4 flail of holy wrath!
You die...

#... #..# #. #..#
.###.##..# .. ..##..#####
### ##.# #.##....... #
#.. ...# #.##†..###
#.##.###..# #........#
#....#.#..# #..@.....#
#.....####.@!............
#...............#####...#
##...###.#.##...# ..
#.....## #.#.######
##..### #!#.# .... #.#..
.⌠... #.### #..... #.#


You could see Edmund.

Vanquished Creatures
  A howler monkey (D:6)
  Natasha (twice) (D:2)
  4 adders
  A worm (D:3)
  A dart slug (D:3)
  7 ball pythons
  8 endoplasms
  3 giant cockroaches
  2 goblins
  7 hobgoblins
  2 kobolds
  8 bats
  4 frilled lizards
  A rat (D:1)
51 creatures vanquished.

Vanquished Creatures (collateral kills)
  Natasha (D:2)
1 creature vanquished.

Grand Total: 52 creatures vanquished

Notes
Turn   | Place    | Note
-------+----------+-------------------------------------------
     0 | D:1      | ChiefBigBeans the Demonspawn Gladiator began the quest for
                  | the Orb.
     0 | D:1      | Reached XP level 1. HP: 16/16 MP: 1/1
    92 | D:1      | Gained mutation: A weak demonic guardian rushes to your
                  | aid. [demonic ancestry]
    92 | D:1      | Reached XP level 2. HP: 22/22 MP: 2/2
   172 | D:1      | Found Xoizuw's Antique Weapon Boutique.
   521 | D:2      | Reached skill level 1 in Armour
   536 | D:2      | Reached XP level 3. HP: 28/28 MP: 3/3
   695 | D:2      | Found a snail-covered altar of Cheibriados.
   705 | D:2      | Noticed Natasha
   717 | D:2      | Killed Natasha
   718 | D:2      | Reached XP level 4. HP: 15/34 MP: 4/4
   759 | D:2      | Noticed Natasha
   970 | D:2      | Killed Natasha
  1018 | D:2      | Noticed Natasha
  1025 | D:2      | Killed Natasha
  1110 | D:3      | Found a faded altar of an unknown god.
  1186 | D:3      | Gained mutation: You are partially covered in razor-sharp
                  | scales. (AC +1, Slay +1) [demonic ancestry]
  1186 | D:3      | Reached XP level 5. HP: 41/41 MP: 5/5
  1468 | D:3      | You fall into a shaft and drop 3 floors!
  1491 | D:6      | Identified the +12 hand axe of Doom {pain, Will- Int+4
                  | SInv}
  1496 | D:6      | Noticed Edmund
  1503 | D:6      | Slain by Edmund

Illustrated notes

Levels and vault maps discovered:
D:1:      dpeg_arrival_fog, layout_rooms, serial_shops, shop
D:2:      layout_rooms, basic_altar, uniq_natasha
D:3:      layout_rooms, serial_bayou, serial_bayou_shore_a,
          serial_bayou_crossing, serial_bayou_pond_d, serial_bayou_pond_a,
          hellmonk_ecumenical_altar_arch_garden, hex_medium,
          chequers_serial_rivers_room_b, grunt_ministairs_4
D:6:      layout_loops_ring, minmay_temple_entry_waves, gup_sewer_entry_bubbles,
          uniq_edmund, uniq_menkaure, uniq_sigmund

Skill      XL: |  1  2  3  4  5 |
---------------+----------------+-----
Polearms       | 3 |  3.6
Dodging        | 3 |  3.6
Armour         | 1 2 |  2.1
Fighting       | 3 |  3.4
Throwing       | |  1.7

Action                     |  1- 3 |  4- 6 || total
---------------------------+-------+-------++-------
  Melee: Trident           |   104 |    51 ||   155
         Punch             |     1 |       ||     1
         Hand axe          |       |     4 ||     4
    Use: Scroll            |     1 |     7 ||     8
         Potion            |       |     5 ||     5
 Armour: Fire dragon scale |    33 |    20 ||    53
         Leather armour    |     8 |       ||     8
  Dodge: Dodged            |    48 |    25 ||    73
  Block: Other             |     5 |     9 ||    14
